AoeStats
← joosephy

Pilgrims

508662039Analyzed
4v4 RM · 8d ago on Sep 23, 2026· 40m 32s· 8 players
Game mode
Random Map
Map size
Large (8 player)
Population
200
Speed
Normal
Resources
Standard
Victory
Conquest
Starting age
Dark Age
Ending age
Imperial Age
RankedLock teamsTeams togetherTeam positionsShared explorationLock speedFull tech treeHidden civsTurbo modeCheats
Victory
Defeat
🇹🇼 Khmer · Taiwan
1604
+16
🇨🇳 Danes · China
1577
+17
🇨🇳 Hindustanis · China
1569
+18
🇨🇳 Japanese · China
1516
+20
🇨🇳 Mongols · China
1676
-21
🇨🇭 Burgundians · Switzerland
1669
-20
🇳🇱 Dravidians · Netherlands
1595
-17
🇨🇳 Vikings · China
1482
-13
海的盒子
4:39 Loom
11:33 Feudal Age
12:15 Double-Bit Axe
12:50 Fishing Lines
16:29 Castle Age
15:18 Gold Mining
16:27 Stone Mining
17:25 Bow Saw
17:56 Medium Warships
19:51 Fletching
21:03 Bodkin Arrow
21:22 Gillnets
23:44 Horse Collar
24:41 Gold Shaft Mining
29:09 Imperial Age
28:09 Stone Shaft Mining
29:09 Wheelbarrow
29:08 Scale Barding Armor
30:25 Conscription
31:07 Two-Man Saw
29:52 Heavy Camel Rider
31:21 Bloodlines
31:12 Husbandry
32:52 Hand Cart
35:29 Grand Trunk Road
35:28 Imperial Camel Rider
35:33 Elite Ghulam
40:30 Chain Barding Armor
40:11 Scale Mail Armor
40:21 Forging
40:43 Heavy Plow
40:55 Squires
40:40 Arson
joosephy
3:44 Loom
14:48 Feudal Age
15:43 Town Watch
18:53 Castle Age
18:51 Double-Bit Axe
18:56 Fishing Lines
20:35 Wheelbarrow
27:14 Bow Saw
31:52 Imperial Age
34:43 Fletching
34:18 Light Cavalry
35:58 Scale Barding Armor
36:03 Forging
38:38 Iron Casting
41:18 Chain Barding Armor
郁离
5:33 Loom
10:12 Feudal Age
11:23 Double-Bit Axe
15:01 Forging
14:42 Fletching
16:06 Gold Mining
19:37 Castle Age
17:41 Fishing Lines
20:56 Medium Warships
21:38 Iron Casting
20:59 Bodkin Arrow
22:38 Bow Saw
24:22 Gillnets
26:14 Clinker Construction
26:21 Careening
30:26 Yasama
31:03 Stone Mining
32:46 Guard Tower
36:46 Imperial Age
34:55 Wheelbarrow
34:50 Treadmill Crane
35:27 Murder Holes
36:32 Ballistics
37:17 Arrowslits
38:45 Keep
40:58 Chemistry
41:00 Conscription
40:54 Masonry
南良千奈
8:55 Loom
12:22 Feudal Age
17:06 Castle Age
15:16 Fletching
15:30 Double-Bit Axe
18:04 Bodkin Arrow
20:08 Bow Saw
20:23 Medium Warships
25:00 Scale Mail Armor
28:48 Ballistics
32:56 Squires
32:41 Arson
34:23 Forging
35:36 Wheelbarrow
37:02 Iron Casting
38:10 Chain Mail Armor
39:29 Hand Cart
39:13 Gold Mining
Osiris
5:47 Loom
10:31 Feudal Age
11:12 Town Watch
12:37 Fletching
15:16 Forging
22:23 Castle Age
23:10 Scale Barding Armor
22:40 Light Cavalry
23:27 Fishing Lines
26:07 Double-Bit Axe
27:30 Chain Barding Armor
28:00 Husbandry
28:47 Iron Casting
33:52 Horse Collar
34:27 Bow Saw
39:24 Wheelbarrow
38:58 Heavy Plow
38:53 Gold Mining
39:45 Crossbowman
清远华
9:57 Feudal Age
11:11 Double-Bit Axe
14:13 Wheelbarrow
14:19 Fletching
21:41 Castle Age
20:27 Gold Mining
23:28 Medium Warships
23:21 Bodkin Arrow
25:21 Hand Cart
25:35 Clinker Construction
28:05 Ballistics
28:47 Bow Saw
29:44 Careening
29:53 Horse Collar
32:36 Demolition Ship
37:44 Loom
38:13 Padded Archer Armor
39:24 Leather Archer Armor
120057903
10:07 Feudal Age
11:31 Double-Bit Axe
15:41 Fletching
19:36 Horse Collar
23:28 Castle Age
23:14 Gold Mining
24:44 Bow Saw
24:36 Heavy Plow
25:44 Scale Mail Armor
25:54 Forging
27:15 Chain Mail Armor
27:14 Man-at-Arms
28:23 Town Watch
28:25 Loom
28:47 Scale Barding Armor
29:19 Iron Casting
29:23 Long Swordsman
39:38 Imperial Age
37:10 Squires
36:56 Arson
38:17 Pikeman
Maelgwyn
0:45 Double-Bit Axe
5:38 Loom
11:45 Feudal Age
10:04 Fishing Lines
11:38 Gold Mining
11:41 Stone Mining
14:26 Bow Saw
14:15 Town Watch
15:38 Fletching
19:17 Castle Age
20:05 Bodkin Arrow
20:53 Guard Tower
21:46 Wheelbarrow
24:11 Hand Cart
26:57 Horse Collar
31:07 Treadmill Crane
31:49 Ballistics
32:49 Masonry
33:29 Heavy Plow
35:02 Scale Barding Armor
35:07 Forging
35:24 Cavalier
36:25 Chain Barding Armor
36:25 Gold Mining
40:14 Iron Casting
Connection lost

Rejoining the realm…

Still unreachable

The connection could not be restored.

Session expired

The server has moved on; the page needs a fresh start.